 Dungeon Crawl Stone Soup version 0.25-a0-478-g33c61bd (webtiles) character file.

Game seed: 12986858096302895443, levelgen mode: deterministic

110 15 the Ruffian (level 4, -9/52 HPs)
             Began as a Draconian Transmuter on Feb 8, 2020.
             Killed by divine providence
             ... invoked by an orc priest
              (12 damage)
             ... on level 4 of the Dungeon.
             The game lasted 00:11:16 (3059 turns).

15 the Ruffian (Draconian Transmuter)               Turns: 3059, Time: 00:11:16

Health: -9/52      AC: 22    Str: 13    XL:     4   Next: 61%
Magic:  8/8        EV:  2    Int: 13    God:
Gold:   182        SH:  0    Dex: 12    Spells: 2/8 levels left

rFire    . . .     SeeInvis .     - Unarmed
rCold    . . .     Gourm    .   (no shield)
rNeg     + + +     Faith    .   (armour unavailable)
rPois    +         Spirit   .   (helmet currently unavailable)
rElec    .         Reflect  .   (cloak currently unavailable)
rCorr    .         Harm     .   (gloves currently unavailable)
MR       .....     NoTele   +   (boots currently unavailable)
Stlth    +.........             (no amulet)
HPRegen  0.17/turn              (no ring)
MPRegen  0.11/turn              (no ring)

@: confused, tree-form
A: unfitting armour, AC +5
a: no special abilities


You were on level 4 of the Dungeon.
You were hungry.
You were a tree.
You visited 1 branch of the dungeon, and saw 4 of its levels.

You collected 182 gold pieces.

Inventory:

Missiles
 a - 12 arrows
Armour
 l - a +2 pair of boots (melded)
Scrolls
 b - a scroll of random uselessness {unknown}
 e - 2 scrolls of remove curse
 f - a scroll of noise {unknown}
 g - a scroll of fear {unknown}
 i - 2 scrolls of teleportation
 k - a scroll of magic mapping {unknown}
 n - a scroll of enchant weapon {unknown}
 o - a scroll of identify
Potions
 h - a potion of heal wounds {unknown}
 j - a potion of flight
Comestibles
 c - 4 rations


   Skills:
 * Level 1.4 Fighting
 * Level 2.4 Dodging
 - Level 0.1 Stealth
 * Level 4.0 Unarmed Combat
 * Level 2.8 Spellcasting
 * Level 2.6 Transmutations


You had 2 spell levels left.
You knew the following spells:

 Your Spells              Type           Power        Failure   Level  Hunger
a - Beastly Appendage     Tmut           #.....       8%          1    #......
b - Sticks to Snakes      Tmut           #.......     12%         2    ###....
c - Spider Form           Tmut/Pois      #.........   38%         3    ###....

Your spell library contained the following spells:

 Spells                   Type           Power        Failure   Level  Hunger
 Ice Form                 Ice/Tmut       #.......     80%         4    #####..
 Blade Hands              Tmut           #.........   91%         5    ######.


Dungeon Overview and Level Annotations

Branches:
Dungeon (4/15)
 Temple: D:4-7

Altars:
Dithmenos
Kikubaaqudgha
Sif Muna
Trog
Yredelemnul


Innate Abilities, Weirdness & Mutations

((Your plain brown scales are hard. (AC +5)))
You cannot fit into any form of body armour.
((You are cold-blooded and may be slowed by cold attacks.))


Message History

The orc priest hits you but does no damage.
You hit the orc priest.
The orc priest is heavily wounded.
The orc hits you.
* * * LOW HITPOINT WARNING * * *
The orc hits you but does no damage. The orc wizard casts a spell at you.
The puff of flame hits you.
* * * LOW HITPOINT WARNING * * *
The orc priest hits you but does no damage.
It was a potion of lignification.
Your horns disappear.
You turn into a tree.
Your +2 pair of boots melds into your body.
Your roots penetrate the ground.
The orc hits you but does no damage. x2
The orc wizard hits you with a +6 dagger.
* * * LOW HITPOINT WARNING * * *
The orc priest calls down the wrath of Beogh upon you.
Beogh smites you!
You die...

......................
................###
.#.#......#####..#
...#.###### #..#
.###.# #..## ...... .
#...# ####.# ...
#.#.## ..##.#
.....#o#..# #.#
#....o♣..# #
......oo...#
.........#.#
.........#..#
.........##.#
..####+### .# . ..


You could see an orc priest, an orc wizard and 2 orcs.

Vanquished Creatures
  4 adders (D:2)
  2 dart slugs (D:2)
  3 leopard geckos
  3 orcs
  2 ball pythons
  5 giant cockroaches
  7 goblins
  6 hobgoblins
  A quokka (D:3)
  8 bats
  6 frilled lizards
  8 kobolds
  10 rats
65 creatures vanquished.

Notes
Turn   | Place    | Note
-------+----------+-------------------------------------------
     0 | D:1      | 15 the Draconian Transmuter began the quest for the Orb.
     0 | D:1      | Reached XP level 1. HP: 16/16 MP: 3/3
   138 | D:1      | Reached XP level 2. HP: 18/23 MP: 3/5
   466 | D:1      | Learned a level 2 spell: Sticks to Snakes
   833 | D:2      | Found a shadowy altar of Dithmenos.
   859 | D:2      | Reached XP level 3. HP: 20/28 MP: 4/6
  1103 | D:2      | Found a faded altar of an unknown god.
  1337 | D:2      | Found a bloodstained altar of Trog.
  1379 | D:2      | Found a basalt altar of Yredelemnul.
  1384 | D:2      | Found a shimmering blue altar of Sif Muna.
  1386 | D:2      | Found an ancient bone altar of Kikubaaqudgha.
  1705 | D:2      | Learned a level 3 spell: Spider Form
  1807 | D:2      | Reached XP level 4. HP: 29/35 MP: 5/7
  2215 | D:3      | Reached skill level 4 in Unarmed Combat
  2968 | D:3      | Found a shimmering blue altar of Sif Muna.
  3059 | D:4      | Killed from afar by an orc priest

Levels and vault maps discovered:
D:1:      scummos_arrival_forest, layout_basic, st_stairs_14
D:2:      layout_basic, grunt_temple_overflow_open, lemuel_doored_altar,
          chequers_ecumenical_altar_island, grunt_dithmenos_smoke_and_mirrors
D:3:      layout_loops_corners, minmay_misc_feat_doors, led_sif_pool
D:4:      layout_basic, serial_shops,
          nicolae_shop_temple_entry_statues_fountains, first_ration

Skill      XL: |  1  2  3  4 |
---------------+-------------+-----
Dodging        | 2 |  2.4
Unarmed Combat | 4 |  4.0
Fighting       | |  1.4
Stealth        | |  0.1
Spellcasting   | |  2.8
Transmutations | |  2.6

Action                   |  1- 3 |  4- 6 || total
-------------------------+-------+-------++-------
Melee: Unarmed           |   148 |    84 ||   232
       Tailslap          |    14 |     6 ||    20
       Headbutt          |     3 |     2 ||     5
       Kick              |     7 |       ||     7
       Punch             |     3 |     1 ||     4
 Cast: Beastly Appendage |    23 |    20 ||    43
       Spider Form       |       |     1 ||     1
  Use: Scroll            |     2 |     2 ||     4
       Potion            |       |     1 ||     1
 Stab: Sleeping          |     1 |     2 ||     3
  Eat: Chunk             |     3 |     4 ||     7
Armor: Skin              |    50 |    33 ||    83
Dodge: Dodged            |   133 |    48 ||   181

Table legend:
 A = Non-vault XP
 B = Vault XP
 C = Vault XP percentage of total XP
 D = Non-vault monster count
 E = Vault monster count
 F = Vault count percentage of total count
                 A         B        C        D         E       F
            +---------+---------+-------+---------+---------+-------
      Total |     155 |       3 |   1.9 |      63 |       2 |   3.1
            +---------+---------+-------+---------+---------+-------
        D:1 |      26 |       3 |  10.3 |      16 |       2 |  11.1
        D:2 |      93 |       0 |   0.0 |      26 |       0 |   0.0
        D:3 |      33 |       0 |   0.0 |      20 |       0 |   0.0
        D:4 |       3 |       0 |   0.0 |       1 |       0 |   0.0
            +---------+---------+-------+---------+---------+-------
